 Dungeon Crawl Stone Soup version 0.19-a0-1513-gf6d23ed (webtiles) character file.

19024 AlphabetPasta the Archer (level 12, -2/106 HPs)
             Began as a Minotaur Wanderer on Sept 12, 2016.
             Was a High Priest of Okawaru.
             Slain by a blink frog (16 damage)
             ... on level 3 of the Lair of Beasts.
             The game lasted 00:56:21 (12574 turns).

AlphabetPasta the Archer (Minotaur Wanderer)       Turns: 12574, Time: 00:56:23

Health: -2/106     AC: 20    Str: 23    XL:     12   Next: 32%
Magic:  14/14      EV: 13    Int:  8    God:    Okawaru [*****.]
Gold:   620        SH:  0    Dex: 13    Spells: 0 memorised, 11 levels left

rFire  + . .     SeeInvis .     a - +1 battleaxe (freeze)
rCold  . . .     Gourm    .     E - +4 ring mail of the Original Sin {Str+3}
rNeg   . . .     Faith    .     (shield currently unavailable)
rPois  .         Spirit   .     (helmet restricted)
rElec  .         Dismiss  .     D - +0 cloak
rCorr  .         Reflect  .     K - +0 pair of gloves
MR     .....     Harm     .     (no boots)
Stlth  +.........               (no amulet)
                                k - ring of protection from fire
                                m - +6 ring of protection

@: no status effects
A: retaliatory headbutt, horns 2
a: Heroism, Finesse, Renounce Religion


You were on level 3 of the Lair of Beasts.
You worshipped Okawaru.
Okawaru was extremely pleased with you.
You were not hungry.

You visited 3 branches of the dungeon, and saw 15 of its levels.

You collected 620 gold pieces.

Inventory:

Hand Weapons
 a - a +1 battleaxe of freezing (weapon)
 b - a +0 longbow of freezing
 e - a +0 hand axe
 r - a +1 shortbow
 w - a +0 battleaxe
 x - a +1 hand axe of freezing
 F - a +0 mace
Missiles
 c - 136 arrows
 I - 7 javelins of returning (quivered)
Armour
 o - a +3 scale mail
 z - a +0 plate armour
 D - a +0 cloak (worn)
 E - the +4 ring mail of the Original Sin (worn) {Str+3}
   (You found it on level 8 of the Dungeon)

   It affects your strength (+3).
 K - a +0 pair of gloves (worn)
Jewellery
 k - a ring of protection from fire (right hand)
 m - a +6 ring of protection (left hand)
 q - an uncursed ring of fire
Wands
 i - a wand of acid (5/15)
 p - a wand of confusion (39/48)
 u - a wand of slowing (14/48)
 A - a wand of acid (7/15)
 L - a wand of flame (23/48)
 Q - a wand of slowing (36/48)
Scrolls
 g - 2 scrolls of fear
 h - 2 scrolls of identify
 j - 10 scrolls of teleportation
 s - 4 scrolls of recharging
 v - a scroll of fog
 y - a scroll of remove curse
 C - a scroll of enchant weapon
Potions
 d - 5 potions of curing
 l - 2 potions of flight
 t - 2 potions of agility
 G - a potion of might
 H - 2 potions of resistance
 J - a potion of berserk rage
Comestibles
 f - 5 bread rations
 n - 9 meat rations
 B - 39 fruits
 M - 13 royal jellies
 N - a slice of pizza
 O - 4 chunks of flesh
 P - a beef jerky


   Skills:
 + Level 10.1 Fighting
 + Level 11.2 Axes
 * Level 12.9 Bows
 - Level 1.0 Throwing
 + Level 10.9 Armour
 - Level 4.0 Dodging
 + Level 5.2 Invocations
 - Level 2.9 Evocations


You had 11 spell levels left.
You didn't know any spells.

Dungeon Overview and Level Annotations

Branches:
Dungeon (11/15)            Temple (1/1) D:5            Lair (3/6) D:11
    Orc (0/2) D:10
  Swamp: Lair:2-4    Shoals: Lair:2-4     Snake: Lair:2-4    Spider: Lair:2-4

Altars:
Ashenzari
Cheibriados
Dithmenos
Elyvilon
Fedhas
Gozag
Hepliaklqana
Kikubaaqudgha
Makhleb
Nemelex Xobeh
Okawaru
Qazlal
Ru
Sif Muna
Trog
Uskayaw
Vehumet
Xom
Yredelemnul
Zin
The Shining One


Innate Abilities, Weirdness & Mutations

You reflexively headbutt those who attack you in melee.
You have a pair of horns on your head.


Message History

The blink frog is heavily wounded.
The blink frog hits you!
* * * LOW HITPOINT WARNING * * *
The blink frog barely misses you. You furiously retaliate!
You headbutt the blink frog.
Your ring mail of the Original Sin prevents you from hitting the blink frog.
The blink frog is severely wounded.
The blink frog misses you.
You closely miss the blink frog.
The blink frog is severely wounded.
The blink frog misses you.
The blink frog hits you but does no damage.
You miss the blink frog. Your headbutt misses the blink frog.
The blink frog is severely wounded.
You miss the blink frog. The blink frog hits you.
* * * LOW HITPOINT WARNING * * *
The blink frog hits you!
* * * LOW HITPOINT WARNING * * *
The blink frog hits you!
You die...

....................
P..###...##..+###.#
..# ##..####.# ##
#..# #..## ..# #..
##+.## ..#. #..
##...# .....
#....####(.....
....+..F+†.'....#
.#.##..#@F##..§.# ##
#..#### ..... ##.#
...$ ... ... .. ..
... . ...


You could see 2 blink frogs.

Vanquished Creatures
  Erica (D:8)
  2 hill giants (D:10)
  Pikel (D:8)
  4 elephants (Lair:3)
  2 black mambas
  A spiny frog (Lair:2)
  4 komodo dragons (Lair:1)
  2 trolls (D:10)
  A queen bee (Lair:1)
  Grinder (D:4)
  2 two-headed ogres
  3 blink frogs (Lair:3)
  Prince Ribbit (D:7)
  A shadow (D:11)
  13 yaks
  Sigmund (D:4)
  2 hungry ghosts
  Grum (Lair:1)
  A steam dragon (D:11)
  3 water moccasins (Lair:2)
  4 porcupines (Lair:1)
  Duvessa (D:4)
  A slave (D:8)
  3 orc warriors
  A wasp (D:9)
  2 ice beasts (D:9)
  8 ogres
  6 sky beasts
  A black bear (D:9)
  2 phantoms
  16 wolves
  2 centaurs
  9 crocodiles
  3 big kobolds
  8 giant frogs
  A scorpion (Lair:2)
  Dowan (D:4)
  6 wights
  30 killer bees
  2 howler monkeys
  2 crimson imps
  A giant frog zombie (D:6)
  5 jellies
  4 giant frog skeletons
  A centaur skeleton (D:10)
  5 orc priests
  12 orc wizards
  6 iguanas
  9 worker ants
  Robin (D:3)
  13 adders
  4 gnolls (D:6)
  A howler monkey skeleton (D:9)
  23 river rats
  An adder skeleton (D:9)
  2 worms
  2 dart slugs
  5 giant geckos
  19 orcs
  3 giant cockroaches
  12 goblins
  9 hobgoblins
  6 jackals
  19 kobolds
  3 quokkas
  3 ball pythons
  9 bats
  A giant cockroach zombie (D:5)
  3 giant newts
  A quokka skeleton (D:6)
  2 rats
  A spectral orc (D:6)
  2 plants
344 creatures vanquished.

Vanquished Creatures (others)
  3 slaves (D:8)
  A giant frog (D:8)
  A wight (D:8)
  A howler monkey (D:8)
  A jelly (D:8)
  A giant cockroach (D:8)
  A fungus (Lair:2)
9 creatures vanquished.

Grand Total: 353 creatures vanquished

Notes
Turn   | Place    | Note
-------+----------+-------------------------------------------
     0 | D:1      | AlphabetPasta the Minotaur Wanderer began the quest for the Orb.
     0 | D:1      | AlphabetPasta set off with: a +2 scale mail, a +0 shortbow, 28 arrows, a potion of curing, a bread ration
     0 | D:1      | Reached XP level 1. HP: 18/18 MP: 0/0
   108 | D:1      | Reached XP level 2. HP: 23/25 MP: 1/1
   236 | D:1      | Reached skill level 2 in Bows
   271 | D:1      | Reached skill level 5 in Armour
   953 | D:2      | Reached XP level 3. HP: 31/31 MP: 2/2
  1044 | D:2      | Found a radiant altar of Vehumet.
  1203 | D:2      | Reached skill level 3 in Bows
  1319 | D:2      | Found a snail-covered altar of Cheibriados.
  1462 | D:2      | Reached XP level 4. HP: 38/38 MP: 3/3
  1794 | D:3      | Noticed Robin
  1804 | D:3      | Killed Robin
  2036 | D:3      | Reached skill level 4 in Bows
  2036 | D:3      | Reached XP level 5. HP: 29/46 MP: 4/4
  2399 | D:3      | Found a hazy altar of Hepliaklqana.
  2407 | D:3      | Found a glowing silver altar of Zin.
  2689 | D:4      | Noticed an ogre
  2698 | D:4      | Killed an ogre
  2698 | D:4      | Reached XP level 6. HP: 29/52 MP: 5/5
  2745 | D:4      | Noticed Dowan
  2746 | D:4      | Noticed Duvessa
  2765 | D:4      | Killed Dowan
  2765 | D:4      | Reached skill level 5 in Bows
  2884 | D:4      | Killed Duvessa
  3083 | D:4      | Noticed Sigmund
  3085 | D:4      | Killed Sigmund
  3085 | D:4      | Reached skill level 5 in Fighting
  3085 | D:4      | Reached XP level 7. HP: 61/61 MP: 6/6
  3152 | D:4      | Noticed Grinder
  3172 | D:4      | Killed Grinder
  3172 | D:4      | Reached skill level 6 in Bows
  3310 | D:4      | Found a stormy altar of Qazlal.
  3372 | D:4      | Found a blossoming altar of Fedhas.
  3630 | D:5      | Entered Level 5 of the Dungeon
  3693 | D:5      | Found an ancient bone altar of Kikubaaqudgha.
  3900 | D:5      | Reached XP level 8. HP: 67/69 MP: 7/7
  4106 | D:5      | Found a staircase to the Ecumenical Temple.
  4111 | Temple   | Entered the Ecumenical Temple
  4567 | D:6      | Reached skill level 7 in Bows
  5085 | D:6      | Found a basalt altar of Yredelemnul.
  5167 | D:6      | Found a shimmering altar of Xom.
  5369 | D:6      | Found a deep blue altar of Sif Muna.
  5379 | D:6      | Reached skill level 5 in Axes
  5391 | D:6      | Identified Sif Muna's Tome of Cold
  5658 | D:6      | Found a shimmering altar of Xom.
  5673 | D:6      | Found a shimmering altar of Xom.
  5685 | D:6      | Reached skill level 1 in Dodging
  5690 | D:6      | Found a shimmering altar of Xom.
  5690 | D:6      | Found a shimmering altar of Xom.
  5692 | D:6      | Found a shimmering altar of Xom.
  5998 | D:7      | Identified a scroll of acquirement
  6312 | D:7      | Reached skill level 8 in Bows
  6348 | D:7      | Noticed Prince Ribbit
  6363 | D:7      | Killed Prince Ribbit
  6363 | D:7      | Reached XP level 9. HP: 44/78 MP: 9/9
  6401 | D:7      | Found a bloodstained altar of Trog.
  6884 | D:8      | Noticed Pikel
  6891 | D:8      | Killed Pikel
  6907 | D:8      | Got a smelly ring mail
  6918 | D:8      | Identified the +4 ring mail of the Original Sin {Str+3} (You found it on level 8 of the Dungeon)
  7088 | D:8      | Noticed Erica
  7103 | D:8      | Reached skill level 9 in Bows
  7122 | D:8      | Killed Erica
  7438 | D:8      | Reached XP level 10. HP: 78/86 MP: 10/10
  7912 | D:9      | Found a sacrificial altar of Ru.
  8031 | D:9      | Reached skill level 10 in Bows
  8157 | D:9      | Found an iron altar of Okawaru.
  8165 | D:9      | Became a worshipper of Warmaster Okawaru
  8504 | D:10     | Entered Level 10 of the Dungeon
  8658 | D:10     | Found a staircase to the Orcish Mines.
  8702 | D:10     | Reached skill level 1 in Invocations
  8774 | D:10     | Noticed a hill giant
  8783 | D:10     | Killed a hill giant
  8783 | D:10     | Reached * piety under Okawaru
  8964 | D:10     | Reached XP level 11. HP: 86/95 MP: 12/12
  9149 | D:10     | Noticed a hill giant
  9156 | D:10     | Killed a hill giant
  9156 | D:10     | Reached ** piety under Okawaru
  9156 | D:10     | Reached skill level 11 in Bows
  9327 | D:11     | Reached skill level 10 in Axes
  9728 | D:11     | Found a staircase to the Lair.
 10276 | Lair:1   | Entered Level 1 of the Lair of Beasts
 10293 | Lair:1   | Noticed Grum
 10294 | Lair:1   | Reached *** piety under Okawaru
 10301 | Lair:1   | Killed Grum
 10367 | Lair:1   | Received a gift from Okawaru
 10368 | Lair:1   | Reached skill level 10 in Armour
 10980 | Lair:1   | Received a gift from Okawaru
 10986 | Lair:1   | Reached skill level 12 in Bows
 11279 | Lair:1   | Received a gift from Okawaru
 11387 | Lair:1   | Reached **** piety under Okawaru
 11804 | Lair:2   | Received a gift from Okawaru
 11861 | Lair:2   | Reached XP level 12. HP: 106/106 MP: 14/14
 12549 | Lair:3   | Reached skill level 10 in Fighting
 12549 | Lair:3   | Reached skill level 5 in Invocations
 12556 | Lair:3   | Reached ***** piety under Okawaru
 12570 | Lair:3   | Received a gift from Okawaru
 12574 | Lair:3   | Slain by a blink frog

Vault maps used:
D:1:      minmay_arrival_checkered_box
D:2:      fiery_altar_vehumet, cheibriados_altar_1
D:3:      lemuel_doored_altar, overflow_temple_1_default, first_bread,
          uniq_robin
D:4:      nicolae_qazlal_eye_of_the_storm, kennysheep_mini_moat, uniq_grinder,
          uniq_duvessa, uniq_sigmund
D:5:      kiku_gazebo_pond_becter, st_stairs_10
D:6:      led_sif_book, yredelemnul_forgotten_temple_becter, xom_redecorated
D:7:      marbit_many_paths, uniq_prince_ribbit1
D:8:      uniq_erica, uniq_pikel
D:9:      old_standard_altar, basic_altar
D:10:     orc_0_dummy, serial_glass, glass_columns_a, glass_columns_c
D:11:     lair_0_dummy, blue_anna_alchemist
Temple:   nicolae_temple_figure_zero
Lair:1:   special_room, beast_lair_carwin_4, lemuel_fruit_tree,
          infiniplex_staircase_pool_2, uniq_grum
Lair:2:   grunt_megastairs_2

Skill      XL: |  1  2  3  4  5  6  7  8  9 10 11 12 |
---------------+-------------------------------------+-----
Bows           | 2 3 4 5 6 8 9 10 12 | 12.9
Armour         | 5 6 7 8 9 10 | 10.9
Fighting       | 3 4 5 6 7 8 9 10 | 10.1
Axes           | 2 3 4 5 7 9 11 | 11.2
Evocations     | 2 |  2.9
Dodging        | 1 3 4 |  4.0
Invocations    | 2 4 5 |  5.2
Throwing       | |  1.0

Action                   |  1- 3 |  4- 6 |  7- 9 | 10-12 || total
-------------------------+-------+-------+-------+-------++-------
Melee: Mace              |     2 |       |       |       ||     2
       Hand axe          |       |       |    14 |       ||    14
       Battleaxe         |       |       |    46 |   283 ||   329
       Headbutt          |       |       |    16 |    49 ||    65
 Fire: Shortbow          |   116 |   131 |   172 |       ||   419
       Longbow           |       |       |    65 |   329 ||   394
Throw: Javelin           |       |       |       |     1 ||     1
Invok: Heroism           |       |       |       |     1 ||     1
Evoke: Wand              |       |     4 |     2 |       ||     6
  Use: Scroll            |       |    10 |     9 |     7 ||    26
       Potion            |       |     1 |     5 |     1 ||     7
  Eat: Chunk             |     2 |     4 |    13 |    12 ||    31
       Beef jerky        |       |       |     1 |     1 ||     2
       Royal jelly       |       |       |     1 |       ||     1
       Bread ration      |       |       |       |     1 ||     1
       Pizza             |       |       |       |     1 ||     1
Armor: Scale mail        |    24 |    38 |    54 |       ||   116
       Ring mail         |       |       |    12 |   215 ||   227
Dodge: Dodged            |    29 |    35 |    50 |   314 ||   428
